 Dungeon Crawl Stone Soup version 0.18.1-6-gd335043 (webtiles) character file.

24581 Implojin the Fighter (level 12, -3/102 HPs)
             Began as a Mummy Monk on May 20, 2016.
             Killed from afar by a steam dragon (22 damage)
             ... with a ball of steam
             ... on level 4 of the Lair of Beasts.
             The game lasted 01:45:42 (41872 turns).

Implojin the Fighter (Mummy Monk)                  Turns: 41872, Time: 01:45:42

Health: -3/102     AC:  6    Str: 15    XL:     12   Next: 81%
Magic:  12/12      EV: 19    Int: 10    God:
Gold:   572        SH:  6    Dex: 18    Spells: 0 memorised, 11 levels left

rFire  x . .     SeeInvis +       - Unarmed
rCold  + . .     Gourm    .     (no armour)
rNeg   + + +     Faith    .     t - +0 buckler
rPois  ∞         Spirit   .     s - +1 helmet
rElec  .         Dismiss  .     c - +2 cloak
rCorr  .         Reflect  .     b - +0 pair of gloves (curse)
SustAt .         Harm     .     (no boots)
MR     +....                    (no amulet)
Stlth  ++........               I - ring of stealth
                                d - ring of see invisible

@: somewhat resistant to hostile enchantments, unstealthy
A: no food or potions, fire vulnerability, cold resistance 1, negative energy
resistance 3, torment resistance, unbreathing
a: no special abilities


You were on level 4 of the Lair of Beasts.
You were not hungry.

You visited 2 branches of the dungeon, and saw 15 of its levels.
You also visited: Sewer.

You collected 796 gold pieces.
You spent 224 gold pieces at shops.

Inventory:

Armour
 b - a cursed +0 pair of gloves (worn)
 c - a +2 cloak (worn)
 m - a +0 cloak
 s - a +1 helmet (worn)
 t - a +0 buckler (worn)
 y - a +0 pair of gloves
Jewellery
 a - an uncursed ring of sustain attributes
 d - a ring of see invisible (left hand)
 n - the brooch of Shielding {Reflect SH+8}
   (You found it on level 5 of the Dungeon)

   [amulet of reflection]

   It shields you and reflects attacks.
   It affects your SH (+8).
 D - an uncursed ring of protection from cold
 E - an uncursed amulet of regeneration
 I - a ring of stealth (right hand)
 J - an uncursed amulet of magic regeneration {unknown}
 K - an uncursed ring of ice
 L - an uncursed ring of resist corrosion
 P - a cursed amulet of inaccuracy {unknown}
Wands
 i - a wand of flame (21/48)
 j - a wand of flame (24/48)
 u - a wand of digging (9/24)
 w - a wand of lightning (7/15)
 F - a wand of disintegration (8/24)
 G - a wand of iceblast (8/15)
 N - a wand of disintegration (8/24)
 O - a wand of teleportation (4/9)
 S - a wand of digging (19/24)
 T - a wand of hasting (4/9)
Scrolls
 e - 13 scrolls of remove curse
 f - 5 scrolls of recharging
 g - 3 scrolls of fog
 h - 5 scrolls of immolation
 l - 2 scrolls of amnesia
 o - a scroll of magic mapping
 r - a scroll of vulnerability
 C - 2 scrolls of noise
 H - 5 scrolls of identify
 M - a scroll of holy word
 Q - a scroll of acquirement {unknown}
 R - a scroll of brand weapon {unknown}
Potions
 v - 2 potions of agility {unknown}
 x - 7 potions of curing
 z - 4 potions of heal wounds {unknown}
 A - 3 potions of flight {unknown}
 B - 2 potions of might {unknown}
Books
 p - a book of Changes

   Spells                             Type                      Level
   a - Beastly Appendage              Transmutation                1
   b - Sticks to Snakes               Transmutation                2
   c - Spider Form                    Transmutation/Poison         3
   d - Ice Form                       Ice/Transmutation            4
   e - Blade Hands                    Transmutation                5
 U - a Grand Grimoire

   Spells                             Type                      Level
   a - Monstrous Menagerie            Summoning                    7
   b - Summon Greater Demon           Summoning                    7
   c - Malign Gateway                 Summoning/Translocation      7
   d - Summon Horrible Things         Summoning                    8
Comestibles
 k - 3 royal jellies (quivered)
 q - 6 bread rations


   Skills:
 - Level 12.0 Fighting
 * Level 9.6 Dodging
 - Level 1.5 Stealth
 - Level 4.5 Shields
 - Level 12.0 Unarmed Combat


You had 11 spell levels left.
You didn't know any spells.

Dungeon Overview and Level Annotations

Branches:
Dungeon (11/15)            Temple (0/1) D:5            Lair (4/8) D:11
    Orc (0/2) D:9
  Swamp: Lair:3-6    Shoals: Lair:3-6     Snake: Lair:3-6    Spider: Lair:3-6

Altars:
Elyvilon
Fedhas
Gozag
Kikubaaqudgha
Nemelex Xobeh
Pakellas
Qazlal
Sif Muna
Trog

Shops:
D:5 [

Annotations:
D:1 terence by stairs come back, Terence
D:8 exclusions: 2 downstairs and 4 more exclusions, Erica
D:9 exclusions: hill giant and 2 more exclusions
D:10 exclusions: door, oklob plant, oklob sapling and upstairs
D:11 osuadh's ghost, journeyman TrSk
Lair:1 exclusion: downstairs
Lair:2 exclusion: upstairs, Harold


Innate Abilities, Weirdness & Mutations

You do not eat or drink.
Your flesh is vulnerable to fire.
You are immune to poison.
Your flesh is cold resistant.
You are immune to negative energy.
You are immune to unholy pain and torment.
You can survive without breathing.


Message History

You hold your ground!
The elephant completely misses you.
You punch the elephant!
The elephant is severely wounded.
The mottled dragon breathes sticky fire at you.
The sticky flame hits you! The fire burns you terribly!
You are covered in liquid flames!
* * * LOW HITPOINT WARNING * * *
The elephant tramples you!
* * * LOW HITPOINT WARNING * * *
You hold your ground!
The elephant trunk-slaps you but does no damage.
You punch the elephant!
The elephant is almost dead.
You are covered in liquid flames!
* * * LOW HITPOINT WARNING * * *
The elephant tramples you but does no damage.
The elephant barely misses you.
Unknown command.
You are covered in liquid flames!
* * * LOW HITPOINT WARNING * * *
The elephant tramples you.
* * * LOW HITPOINT WARNING * * *
You stumble backwards!
You block the mottled dragon's attack.
The mottled dragon claws you but does no damage.
You enter the shallow water.
Moving in this stuff is going to be slow.
The flames go out!
The mottled dragon bites the plant.
The mottled dragon claws the plant but does no damage.
The elephant closely misses you. The elephant trunk-slaps you.
* * * LOW HITPOINT WARNING * * *
The elephant tramples the plant!
The elephant completely misses the plant.
The mottled dragon bites the plant but does no damage.
The mottled dragon claws the plant but does no damage.
A steam dragon comes into view.
The steam dragon breathes steam at you. The ball of steam hits you!
The steam scalds you terribly!
You die...

###. #..#..##
###.######.#.)..######
##.........PY≈≈.Y....##
##...P#....♣♣≈≈.♣♣♣...#
..##P......P♣♣≈.♣♣.♣.##
...##......♣♣≈≈♣♣.Y.♣#
#..##.####♣♣.≈♣♣♣DY♣♣
##.#.## ♣♣≈≈.♣PY♣ #
#..# # ♣♣≈≈@≈.♣
###.##..# ♣..≈§♣♣♣
.#!...#.# ♣♣≈.D♣
.......... ♣P.♣≈≈
###.#..#... ♣♣.♣♣≈ #
#####.... .P .≈ ## ##.
.. .! .# #### ..# .#


You could see 3 elephants, a steam dragon and a mottled dragon.

Vanquished Creatures
  Fannar (Lair:1)
  The ghost of SomeoneAwful the Martial Artist, a journeyman OpTm of Cheibriados (D:11)
  3 death yaks
  A hill giant (D:9)
  A griffon (Lair:3)
  Psyche (D:8)
  A black mamba (Lair:1)
  7 spiny frogs
  5 komodo dragons
  2 boulder beetles (Lair:3)
  Grinder (D:5)
  7 blink frogs
  12 yaks
  2 wyverns (D:8)
  8 hippogriffs
  A basilisk (Lair:3)
  2 hungry ghosts
  5 water moccasins
  7 orc warriors
  7 porcupines
  4 sky beasts
  2 swamp drakes (Lair:4)
  2 black bears
  2 ice beasts
  2 phantoms
  2 necrophages (D:8)
  12 ogres
  3 wasps
  9 wolves (Lair:3)
  5 centaurs
  9 crocodiles
  5 big kobolds
  14 giant frogs
  11 scorpions
  A water moccasin skeleton (D:8)
  9 killer bees
  5 howler monkeys (D:10)
  An electric eel (D:9)
  2 jellies (D:9)
  2 giant frog zombies
  A centaur zombie (D:9)
  5 crimson imps
  A quasit (D:10)
  9 hounds
  3 centaur skeletons
  6 orc priests
  2 giant frog skeletons
  11 orc wizards
  Crazy Yiuf (D:2)
  6 iguanas
  Natasha (thrice) (D:4)
  8 worker ants
  2 killer bee zombies
  2 hound skeletons
  4 worker ant zombies
  27 adders
  12 river rats
  A shadow imp (D:5)
  An ooze (D:1)
  An adder skeleton (D:9)
  2 adder zombies
  6 worms
  2 dart slugs
  8 giant geckos
  53 orcs
  5 giant cockroaches
  6 goblins
  2 hobgoblins (D:1)
  29 jackals
  29 kobolds
  10 quokkas
  17 ball pythons
  9 bats
  A giant cockroach zombie (D:5)
  6 giant newts
  A jackal zombie (D:5)
  A quokka skeleton (D:5)
  30 rats
  A fungus (D:2)
  2 plants
503 creatures vanquished.

Vanquished Creatures (others)
  A blink frog (Lair:3)
  A wolf (Lair:3)
  34 fungi
  20 plants
56 creatures vanquished.

Grand Total: 559 creatures vanquished

Notes
Turn   | Place    | Note
--------------------------------------------------------------
     0 | D:1      | Implojin the Mummy Monk began the quest for the Orb.
     0 | D:1      | Reached XP level 1. HP: 18/18 MP: 1/1
   679 | D:1      | Reached XP level 2. HP: 20/24 MP: 2/2
  1654 | D:1      | Reached skill level 4 in Unarmed Combat
  1814 | D:2      | Found a white marble altar of Elyvilon.
  2312 | D:2      | Reached XP level 3. HP: 18/29 MP: 3/3
  2522 | D:2      | Found an opulent altar of Gozag.
  2580 | D:2      | Noticed Natasha
  3000 | D:2      | Found an oddly glowing altar of Pakellas.
  3445 | D:2      | Noticed Terence
  4309 | D:1      | Reached XP level 4. HP: 29/35 MP: 4/4
  5823 | D:2      | Found an ancient bone altar of Kikubaaqudgha.
  6066 | D:2      | Noticed Crazy Yiuf
  6076 | D:2      | Killed Crazy Yiuf
  6076 | D:2      | Reached skill level 5 in Unarmed Combat
  6918 | D:3      | Reached XP level 5. HP: 30/41 MP: 5/5
  8180 | D:4      | Found a bloodstained altar of Trog.
  8538 | D:4      | Killed Natasha
  8548 | D:4      | Noticed Natasha
  8669 | D:4      | Killed Natasha
  8669 | D:4      | Reached skill level 6 in Unarmed Combat
  8775 | D:4      | Reached XP level 6. HP: 33/47 MP: 6/6
  9533 | D:3      | Reached skill level 4 in Fighting
  9819 | D:4      | Noticed Natasha
 10133 | D:4      | Killed Natasha
 10467 | D:4      | Reached skill level 5 in Fighting
 10741 | D:4      | Reached XP level 7. HP: 50/56 MP: 7/7
 11419 | D:4      | Reached skill level 6 in Fighting
 11617 | D:5      | Entered Level 5 of the Dungeon
 11919 | D:5      | Found a stormy altar of Qazlal.
 12322 | D:5      | Found a staircase to the Ecumenical Temple.
 12385 | D:5      | Noticed Grinder
 12395 | D:5      | Reached skill level 7 in Unarmed Combat
 12700 | D:5      | Found Tyudud's Antique Armour Emporium.
 12703 | D:5      | Bought a helmet for 112 gold pieces
 12703 | D:5      | Bought a buckler for 112 gold pieces
 12940 | D:4      | Reached XP level 8. HP: 61/64 MP: 8/8
 13176 | D:5      | Paralysed by Grinder for 2 turns
 13183 | D:5      | Paralysed by Grinder for 3 turns
 13197 | D:5      | Killed Grinder
 13628 | D:5      | Reached skill level 8 in Unarmed Combat
 13949 | D:6      | Reached skill level 7 in Fighting
 14162 | D:6      | Found a sparkling altar of Nemelex Xobeh.
 14200 | D:6      | Found a glowing drain.
 14212 | Sewer    | Entered a sewer
 14348 | Sewer    | Reached skill level 8 in Fighting
 15264 | D:6      | Reached XP level 9. HP: 23/75 MP: 9/9
 15809 | D:6      | Reached skill level 9 in Fighting
 15999 | D:6      | Reached skill level 3 in Dodging
 16325 | D:7      | Reached skill level 4 in Dodging
 16658 | D:7      | Reached skill level 5 in Dodging
 16784 | D:7      | Found a deep blue altar of Sif Muna.
 17963 | D:8      | Reached skill level 6 in Dodging
 18295 | D:8      | Noticed Erica
 18772 | D:8      | Noticed Psyche
 19455 | D:8      | Reached skill level 7 in Dodging
 19637 | D:9      | Reached XP level 10. HP: 79/83 MP: 10/10
 19668 | D:9      | Noticed a hill giant
 21099 | D:6      | Reached skill level 1 in Shields
 21714 | D:8      | Reached skill level 2 in Shields
 21781 | D:8      | welp
 22319 | D:8      | Reached skill level 3 in Shields
 23048 | D:10     | Entered Level 10 of the Dungeon
 23161 | D:10     | Noticed a tengu warrior
 23635 | D:10     | Reached skill level 4 in Shields
 24425 | D:10     | Reached skill level 9 in Unarmed Combat
 25793 | D:8      | Noticed a deep troll
 26033 | D:10     | Found a blossoming altar of Fedhas.
 26429 | D:11     | Noticed SomeoneAwful's ghost (journeyman OpTm)
 26481 | D:11     | Reached XP level 11. HP: 55/89 MP: 11/11
 26682 | D:10     | Noticed a hill giant
 27522 | D:9      | Reached skill level 10 in Unarmed Combat
 27696 | D:9      | Found a staircase to the Orcish Mines.
 28301 | D:10     | Noticed an oklob plant
 28627 | D:11     | Killed SomeoneAwful's ghost
 28925 | D:11     | Noticed a cyan ugly thing
 29004 | D:11     | Noticed osuadh's ghost (journeyman TrSk)
 29511 | D:11     | Noticed a hill giant
 29635 | D:9      | Killed a hill giant
 30635 | D:8      | Killed Psyche
 31561 | D:11     | Found a staircase to the Lair.
 31571 | Lair:1   | Entered Level 1 of the Lair of Beasts
 31591 | Lair:1   | Reached skill level 11 in Unarmed Combat
 31650 | Lair:1   | Noticed Harold
 33071 | Lair:2   | Reached skill level 10 in Fighting
 33456 | Lair:1   | Noticed Fannar
 33954 | Lair:1   | Killed Fannar
 33954 | Lair:1   | Reached skill level 11 in Fighting
 34568 | Lair:1   | Reached XP level 12. HP: 94/100 MP: 12/12
 35044 | Lair:1   | HP: 4/101 [spiny frog (18)]
 36143 | Lair:1   | Reached skill level 12 in Fighting
 37149 | Lair:3   | Noticed a death yak
 37434 | Lair:3   | Noticed a death yak
 38097 | Lair:3   | Noticed a death yak
 38098 | Lair:3   | Noticed a death yak
 38271 | Lair:1   | Killed a death yak
 38271 | Lair:1   | Reached skill level 12 in Unarmed Combat
 39210 | Lair:1   | Killed a death yak
 39210 | Lair:1   | Reached skill level 8 in Dodging
 41027 | Lair:3   | Reached skill level 9 in Dodging
 41266 | Lair:3   | Killed a death yak
 41872 | Lair:4   | Killed from afar by a steam dragon

Skill      XL: |  1  2  3  4  5  6  7  8  9 10 11 12 |
---------------+-------------------------------------+-----
Unarmed Combat | 4 5 6 7 8 9 11 12 | 12.0
Fighting       | 5 6 8 9 11 12 | 12.0
Dodging        | 7 9 |  9.6
Shields        | 4 |  4.5
Stealth        | |  1.5

Action                   |  1- 3 |  4- 6 |  7- 9 | 10-12 || total
-------------------------+-------+-------+-------+-------++-------
Melee: Unarmed           |   168 |   375 |   846 |  1742 ||  3131
       Punch             |     1 |    10 |     5 |       ||    16
  Use: Scroll            |     3 |     5 |     9 |    13 ||    30
 Stab: Sleeping          |     4 |     3 |     6 |     4 ||    17
       Distracted        |     1 |     1 |     1 |     2 ||     5
Armor: Skin              |       |    18 |   154 |   168 ||   340
Dodge: Dodged            |   101 |   179 |   444 |  1006 ||  1730
Block: Buckler           |       |       |    83 |   323 ||   406

Table legend:
 A = Turns spent in this place as a percentage of turns spent in the entire game.
 B = Non-inter-level travel turns spent in this place as a percentage of non-inter-level travel turns spent in the entire game.
 C = Inter-level travel turns spent in this place as a percentage of turns spent in this place.
 D = Turns resting spent in this place as a percentage of non-inter-level travel turns spent in this place.
 E = Turns spent auto-exploring this place as a percentage of non-inter-level travel turns spent in this place.
 F = Non-inter-level travel turns spent in this place divided by the number of levels of this place that you've seen.
                   A       B       C       D       E      F
               +-------+-------+-------+-------+-------+----------------------
         Total | 100.0 | 100.0 |   0.3 |   4.1 |   2.4 | 856.8
       Dungeon |  67.7 |  67.6 |   0.4 |   4.5 |   3.0 | 842.8
          Lair |  29.0 |  29.1 |   0.1 |   3.6 |   1.2 | 997.0
         Sewer |   3.3 |   3.3 |   0.0 |   1.3 |   0.4 | 450.0
               +-------+-------+-------+-------+-------+----------------------

Table legend:
 A = Kills in this place as a percentage of kills in entire the game.
 B = Kills by you in this place as a percentage of kills by you in the entire game.
 C = Kills by friends in this place as a percentage of kills by friends in the entire game.
 D = Other kills in this place as a percentage of other kills in the entire game.
 E = Experience gained in this place as a percentage of experience gained in the entire game.
 F = Experience gained in this place divided by the number of levels of this place that you have seen.
                   A       B       C       D       E      F
               +-------+-------+-------+-------+-------+----------------------
         Total | 100.0 | 100.0 |  -nan | 100.0 | 100.0 | 2194.8
       Dungeon |  72.5 |  72.6 |  -nan |   0.0 |  43.0 | 1371.7
          Lair |  18.0 |  17.8 |  -nan | 100.0 |  55.8 | 4896.2
         Sewer |   9.6 |   9.6 |  -nan |   0.0 |   1.3 | 442.0
               +-------+-------+-------+-------+-------+----------------------
